 Dungeon Crawl Stone Soup version 0.24.0-13-gcf9b319 (webtiles) character file.

Game seed: 2273495720509863974, levelgen mode: deterministic

43960 AgonHex the Markstengu (level 14, -23/151 HPs)
             Began as a Tengu Monk on Dec 20, 2019.
             Was the Champion of Dithmenos.
             Annihilated by a white ugly thing (28 damage)
             ... on level 13 of the Dungeon.
             The game lasted 01:12:29 (18796 turns).

AgonHex the Markstengu (Tengu Monk)                Turns: 18796, Time: 01:12:30

Health: -23/151    AC: 27    Str: 16    XL:     14   Next: 26%
Magic:  18/18      EV:  2    Int: 11    God:    Dithmenos [******]
Gold:   788        SH:  0    Dex: 21    Spells: 17/17 levels left

rFire    . . .     SeeInvis +   (no weapon)
rCold    . . .     Gourm    .   (no shield)
rNeg     + + +     Faith    .   (armour currently unavailable)
rPois    +         Spirit   .   (helmet currently unavailable)
rElec    .         Reflect  .   (cloak currently unavailable)
rCorr    .         Harm     .   (gloves currently unavailable)
MR       +....     NoTele   +   (boots unavailable)
Stlth    ++++......             p - amulet of Vitality {Regen+ HP+15}
HPRegen  0.75/turn              g - +2 ring of strength
MPRegen  0.16/turn              x - +2 ring of strength

@: tree-form, wreathed by umbra
A: rugged brown scales 1, see invisible, screaming 1, wild magic 1, able to fly
a: Stop Flying, Shadow Step, Shadow Form, Renounce Religion


You were on level 13 of the Dungeon.
You worshipped Dithmenos.
Dithmenos was exalted by your worship.
You were not hungry.
You were a tree.
You visited 3 branches of the dungeon, and saw 17 of its levels.

You collected 1312 gold pieces.
You spent 524 gold pieces at shops.

Inventory:

Hand Weapons
 a - a +1 scimitar of electrocution
 b - a +3 longbow of flaming
 M - a +0 dagger of holy wrath
Missiles
 u - 164 arrows
 N - a throwing net {=f}
Armour
 h - a +2 pair of gloves of strength (melded) {Str+3}
 v - a +3 leather armour (melded)
 y - a +2 cloak (melded)
 I - a +2 scale mail of cold resistance {rC+}
Jewellery
 g - a +2 ring of strength (left branch)
 p - the amulet of Vitality (around neck) {Regen+ HP+15}
   (You found it on level 7 of the Dungeon)

   [amulet of regeneration]

   It affects your health (+15).
   It increases your rate of regeneration.
 x - a +2 ring of strength (right branch)
 C - an uncursed ring of resist corrosion
Wands
 k - a wand of flame (19)
 s - a wand of iceblast (20)
 w - a wand of polymorph (18)
 D - a wand of digging (5)
 E - a wand of acid (12)
 L - a wand of enslavement (5)
Scrolls
 c - 2 scrolls of fear
 f - 3 scrolls of fog
 i - 4 scrolls of identify
 m - 3 scrolls of magic mapping {!r}
 q - 2 scrolls of enchant armour
 t - 2 scrolls of teleportation
 J - a scroll of remove curse
Potions
 d - a potion of resistance
 j - 3 potions of lignification {!q}
 l - a potion of magic
 n - 3 potions of might
 o - 2 potions of cancellation
 r - 6 potions of curing
 G - 2 potions of mutation {!q}
 H - 2 potions of brilliance
Comestibles
 e - 26 rations


   Skills:
 - Level 8.2 Fighting
 - Level 14.0 Long Blades
 * Level 15.2 Bows
 - Level 4.3 Armour
 - Level 12.0 Dodging
 - Level 2.0 Stealth
 - Level 2.4 Spellcasting
 - Level 5.0 Evocations


You had 17 spell levels left.
You didn't know any spells.
Your spell library contained the following spells:

 Spells                   Type           Power        Failure   Level  Hunger
 Corona                   Hex            #......      36%         1    ##.....
 Ensorcelled Hibernation  Hex/Ice        #.....       47%         2    ###....
 Confuse                  Hex            #.......     71%         3    ####...
 Dazzling Spray           Conj/Hex       #.....       71%         3    ####...
 Tukima's Dance           Hex            #.......     71%         3    ####...


Dungeon Overview and Level Annotations

Branches:
Dungeon (14/15) Temple (1/1) D:6 Lair (0/6) D:9 Orc (2/2) D:12 Elf (0/3) Orc:2 Vaults (0/5) D:13 D:14

Altars:
Ashenzari
Cheibriados
Dithmenos
Gozag
Hepliaklqana
Kikubaaqudgha
Makhleb
Nemelex Xobeh
Okawaru
Qazlal
Sif Muna
Trog
Uskayaw
Vehumet
Wu Jian
Xom
Yredelemnul
Zin
The Shining One
Beogh

Shops:
D:11 *   Orc:2 ==!([

Annotations:
D:4 !Blork and MenaUndeadGuy, 1 runed translucent door, exclusion: downstairs, Steadysplat's ghost, amateur MfFi
D:5 1 runed translucent door, Morgon's ghost, novice HaBe
D:6 !Sigmund
D:8 exclusion: downstairs
D:12 exclusion: downstairs
D:13 exclusion: 2 downstairs
Orc:1 Nergalle


Innate Abilities, Weirdness & Mutations

((You have a beak for a mouth.))
((You have claws for feet.))
You can fly continuously.
(You are partially covered in rugged brown scales. (AC +1, +3% HP))
You have supernaturally acute eyesight. (SInv)
You occasionally shout uncontrollably at your foes.
Your spells are a little harder to cast, but a little more powerful.


Message History

* * * LOW HITPOINT WARNING * * *
The white ugly thing gores you but does no damage.
The vampire hits you but does no damage.
The vampire bites you but does no damage.
The sky beast hits you but does no damage.
You take 1 damage, and have 17/151 hp.
You feel better. The human hits you but does no damage.
The white ugly thing gores you.
* * * LOW HITPOINT WARNING * * *
The white ugly thing freezes you!
* * * LOW HITPOINT WARNING * * *
The vampire hits you but does no damage.
The vampire bites you but does no damage.
The sky beast hits you but does no damage.
You take 9 damage, and have 8/151 hp.
You hit the vampire but do no damage.
The human hits you but does no damage. x2
The white ugly thing gores you.
* * * LOW HITPOINT WARNING * * *
The white ugly thing freezes you!!
You die...

####### ####### ##### #
#.....# #...# #
#...[.#####...######
#.....'...'...'.....
#.....#####...######
#§§§§§#####...# ##
###########§ppu§##......#####.
#..........§V♣Y§.+......'...'.
####.#############......#####.
#.# #......# #. #.# ########
#. #.# #. #.# ### ## #.# #.#
##### #.# #.# #.... #.#
#####.## #.###


You could see a white ugly thing, 2 humans, a vampire and a sky beast
(invisible).

Levels and vault maps discovered:
D:1:      dpeg_arrival_tiny_d, layout_loops_ring, hangedman_decor_opposing,
          lemuel_old_faithful
D:2:      layout_loops_corners, nicolae_gozag_seed_capital, first_ration,
          lexackson_kobold_supper
D:3:      layout_basic, chequers_ecumenical_altar_island, minmay_misc_feat_alley
D:4:      layout_rooms, kennysheep_slug_shrine, gammafunk_ghost_grave,
          serial_glass, glass_columns_b, glass_columns_b, uniq_blork_the_orc,
          uniq_menkaure, uniq_eustachio
D:5:      layout_loops_ring, okawaru_altar_gauntlet_db, ebering_ghost_sewer_d,
          kennysheep_generic_room_4
D:6:      layout_loops_ring, makhleb_grotto_becter, ashenzari_altar_1,
          zin_statuary, minmay_temple_entry_waves, trog_eyes_of_draining,
          uniq_sigmund, uniq_duvessa, uniq_grinder
D:7:      layout_layer_cave, bloody_makhleb
D:8:      layout_rooms, eat_drink_and_be_merry_uskayaw,
          overflow_temple_1_default, chequers_serial_rivers_large_b
D:9:      layout_basic, dpeg_lair_monsters, uniq_joseph
D:10:     layout_rooms, hangedman_stone_soup, minmay_misc_feat_encased
D:11:     layout_roguey, serial_shops, nicolae_shop_window_shopping,
          water_boxes_lemuel
D:12:     layout_basic, zombieorc2_lemuel, st_stairs_12
D:13:     layout_basic
D:14:     layout_big_octagon, david_vaults_3, kennysheep_doodads, uniq_agnes
Temple:   eino_temple_lava
Orc:1:    layout_caves, elf_legates, uniq_nergalle
Orc:2:    st_orc_town, layout_caves, serial_shops, shop, uniq_nessos,
          uniq_maurice

Notes
Turn   | Place    | Note
-------+----------+-------------------------------------------
     0 | D:1      | AgonHex the Tengu Monk began the quest for the Orb.
     0 | D:1      | Reached XP level 1. HP: 14/14 MP: 2/2
    39 | D:1      | Identified a +0 club
   117 | D:1      | Identified a cursed -3 club
   146 | D:1      | Identified a +0 club
   168 | D:1      | Reached XP level 2. HP: 19/19 MP: 3/3
   305 | D:1      | Identified a +0 club
   312 | D:1      | Reached skill level 4 in Long Blades
   653 | D:2      | Identified a scroll of enchant weapon
   654 | D:2      | Identified 2 scrolls of fear
   655 | D:2      | Identified a scroll of amnesia
   656 | D:2      | Identified a scroll of remove curse
   657 | D:2      | Identified a scroll of identify
   657 | D:2      | Identified a potion of flight
   658 | D:2      | Identified a scroll of fog
   663 | D:2      | Identified a +0 whip
   691 | D:2      | Identified a +0 ring mail (You found it on level 2 of the
                  | Dungeon)
   920 | D:2      | Found an opulent altar of Gozag.
  1040 | D:2      | Identified a +3 dagger (You found it on level 2 of the
                  | Dungeon)
  1097 | D:2      | Reached XP level 3. HP: 14/23 MP: 4/4
  1524 | D:2      | Identified a +0 dagger
  1580 | D:2      | Reached skill level 5 in Long Blades
  1592 | D:2      | Identified a +0 dagger
  1761 | D:2      | Identified a +0 dagger
  2037 | D:2      | Reached XP level 4. HP: 28/28 MP: 5/5
  2186 | D:3      | Identified a scroll of enchant armour
  2199 | D:3      | Identified a +0 hand axe
  2199 | D:3      | Identified a cursed +0 leather armour
  2216 | D:3      | Identified a +0 club
  2282 | D:3      | Identified a +0 short sword
  2282 | D:3      | Identified a cursed +0 ring mail
  2287 | D:3      | Identified a +0 whip
  2299 | D:3      | Found a faded altar of an unknown god.
  2522 | D:3      | Identified a +0 dagger
  2560 | D:3      | Identified a +0 short sword
  2562 | D:3      | Identified a cursed -3 club
  3062 | D:4      | Found a snail-covered altar of Cheibriados.
  3098 | D:4      | Identified a +0 rapier
  3098 | D:4      | Identified a +0 leather armour
  3098 | D:4      | Noticed Eustachio
  3102 | D:4      | Identified 2 potions of might
  3106 | D:4      | Killed Eustachio
  3106 | D:4      | Reached skill level 7 in Long Blades
  3106 | D:4      | Gained mutation: You can fly continuously. [Tengu growth]
  3106 | D:4      | Reached XP level 5. HP: 28/32 MP: 6/6
  3106 | D:4      | Reached XP level 6. HP: 32/37 MP: 7/7
  3195 | D:4      | Identified a ring of strength (You found it on level 2 of
                  | the Dungeon)
  3319 | D:4      | Noticed Menkaure
  3457 | D:4      | Identified a +0 halberd
  3457 | D:4      | Identified a +0 robe
  3457 | D:4      | Noticed Blork the orc
  3652 | D:5      | Entered Level 5 of the Dungeon
  3658 | D:5      | Identified a +4 mace of protection
  3662 | D:5      | Identified a +0 giant club
  3663 | D:5      | Reached skill level 8 in Long Blades
  3666 | D:5      | Identified a +0 scale mail
  3719 | D:5      | Identified a scroll of noise
  3720 | D:5      | Identified 2 scrolls of magic mapping
  3721 | D:5      | Identified a scroll of blinking
  3722 | D:5      | Identified a scroll of teleportation
  3872 | D:5      | Found a runed translucent door.
  3872 | D:5      | Noticed Morgon's ghost (novice HaBe)
  3903 | D:5      | Identified a +0 giant club
  3923 | D:5      | Identified a +0 shortbow
  3929 | D:5      | Identified a +0 giant club
  3934 | D:5      | Reached XP level 7. HP: 24/41 MP: 8/8
  3938 | D:5      | Identified a potion of heal wounds
  3943 | D:5      | Reached skill level 4 in Dodging
  3997 | D:5      | Identified a ring of evasion (You found it on level 5 of
                  | the Dungeon)
  4055 | D:5      | Reached skill level 4 in Fighting
  4055 | D:5      | Reached skill level 1 in Bows
  4155 | D:5      | Identified a +0 giant club
  4166 | D:5      | Reached skill level 2 in Bows
  4312 | D:5      | Identified a +0 flail
  4312 | D:5      | Identified a +0 plate armour
  4312 | D:5      | Identified a +0 club
  4556 | D:5      | Found an iron altar of Okawaru.
  4691 | D:5      | Reached skill level 3 in Bows
  4691 | D:5      | Reached skill level 5 in Dodging
  4691 | D:5      | Reached XP level 8. HP: 48/48 MP: 9/9
  4810 | D:6      | Identified a +0 scythe
  4810 | D:6      | Identified a +0 robe
  4810 | D:6      | Noticed Sigmund
  4810 | D:6      | Identified a +0 dagger
  4810 | D:6      | Identified a +0 leather armour
  4873 | D:6      | Found a glowing silver altar of Zin.
  4890 | D:6      | Identified a cursed +0 short sword
  4890 | D:6      | Identified a +0 ring mail
  4890 | D:6      | Noticed Duvessa
  4908 | D:6      | Identified a +0 antimagic giant spiked club
  4909 | D:6      | Found a bloodstained altar of Trog.
  4909 | D:6      | Identified a +2 antimagic war axe
  4926 | D:6      | Identified 4 potions of lignification
  4931 | D:6      | HP: 15/72 [orc warrior/+2 antimagic war axe (16)]
  4934 | D:6      | HP: 7/72 [orc warrior/+2 antimagic war axe (4)]
  4935 | D:6      | Reached skill level 4 in Bows
  4935 | D:6      | Reached skill level 1 in Evocations
  4952 | D:6      | Reached skill level 5 in Fighting
  4966 | D:6      | Reached skill level 2 in Evocations
  5256 | D:6      | Identified a +0 giant club
  5259 | D:6      | Identified a scroll of immolation
  5293 | D:6      | Identified a +4 dagger of venom
  5293 | D:6      | Identified a +0 robe
  5293 | D:6      | Noticed Dowan
  5297 | D:6      | Identified 2 potions of mutation
  5297 | D:6      | Gained mutation: You occasionally shout uncontrollably at
                  | your foes. [potion of mutation]
  5297 | D:6      | Gained mutation: You are weak. (Str -2) [potion of
                  | mutation]
  5297 | D:6      | Gained mutation: You are partially covered in rugged brown
                  | scales. (AC +1, +3% HP) [potion of mutation]
  5297 | D:6      | Gained mutation: Your mind is acute. (Int +2) [potion of
                  | mutation]
  5301 | D:6      | Reached skill level 5 in Bows
  5315 | D:6      | Killed Duvessa
  5326 | D:6      | Killed Dowan
  5341 | D:6      | Identified a +0 hand axe
  5341 | D:6      | Identified a +0 leather armour
  5345 | D:6      | Identified a +0 club
  5586 | D:6      | Found a staircase to the Ecumenical Temple.
  5586 | D:6      | Identified a +0 short sword
  5586 | D:6      | Identified a +0 leather armour
  5587 | D:6      | Identified a +0 flail
  5590 | D:6      | Identified a +1 falchion of slicing
  5598 | D:6      | Reached XP level 9. HP: 55/55 MP: 11/11
  5685 | D:6      | Identified a +0 mace
  5691 | D:6      | Reached skill level 6 in Dodging
  5725 | D:6      | Found a shattered altar of Ashenzari.
  5742 | D:6      | Identified a +0 club
  5742 | D:6      | Identified a +0 dagger
  6049 | D:6      | Reached skill level 6 in Bows
  6049 | D:6      | Reached skill level 3 in Evocations
  6055 | D:6      | Identified a +2 cloak (You found it on level 6 of the
                  | Dungeon)
  6394 | Temple   | Entered the Ecumenical Temple
  6403 | Temple   | Became a worshipper of Dithmenos the Shadowed
  6403 | Temple   | Reached * piety under Dithmenos
  6403 | Temple   | Reached ** piety under Dithmenos
  6577 | D:7      | Found the amulet of Vitality {Regen+ HP+15}
  6655 | D:7      | Identified a +0 falchion
  6655 | D:7      | Identified a +0 ring mail
  6655 | D:7      | Identified a +0 trident
  6656 | D:7      | Identified a +0 flail
  6656 | D:7      | Identified a +0 scale mail
  6656 | D:7      | Identified a cursed -2 club
  6656 | D:7      | Identified a +0 dagger
  6656 | D:7      | Identified a +0 robe
  6846 | D:7      | Identified a +0 leather armour
  6847 | D:7      | Identified a +0 dagger
  6848 | D:7      | Identified a +0 mace
  6848 | D:7      | Identified a +0 chain mail
  6848 | D:7      | Identified a +0 dagger of holy wrath
  6848 | D:7      | Identified a cursed +0 robe
  6849 | D:7      | Identified a +0 dagger
  6849 | D:7      | Identified a +0 robe
  7154 | D:7      | Identified a +0 club
  7154 | D:7      | Identified a cursed +0 leather armour
  7155 | D:7      | Found a burning altar of Makhleb.
  7155 | D:7      | Identified a +0 dagger
  7155 | D:7      | Identified a +0 robe
  7156 | D:7      | Identified a +0 war axe
  7156 | D:7      | Identified a +0 plate armour
  7177 | D:7      | Reached skill level 6 in Fighting
  7685 | D:8      | Reached skill level 7 in Dodging
  7773 | D:8      | Found a hide-covered altar of Uskayaw.
  7824 | D:8      | Found a sparkling altar of Nemelex Xobeh.
  7842 | D:8      | Reached skill level 1 in Armour
  7842 | D:8      | Reached skill level 4 in Evocations
  7986 | D:8      | Identified a potion of magic
  7987 | D:8      | Identified 11 potions of curing
  7988 | D:8      | Identified a potion of degeneration
  8135 | D:8      | Identified a +0 trident
  8135 | D:8      | Identified a +0 plate armour
  8136 | D:8      | Identified a +0 dagger
  8136 | D:8      | Identified a +0 robe
  8136 | D:8      | Identified a +0 club
  8136 | D:8      | Identified a +0 hand axe
  8185 | D:8      | HP: 14/57 [orc priest/divine providence (11)]
  8198 | D:8      | HP: 6/57 [orc priest/divine providence (10)]
  8655 | D:8      | Reached skill level 2 in Armour
  8723 | D:8      | Reached skill level 7 in Fighting
  8723 | D:8      | Reached XP level 10. HP: 50/64 MP: 14/14
  8831 | D:9      | Reached *** piety under Dithmenos
  8831 | D:9      | Reached skill level 8 in Dodging
  8839 | D:9      | Identified a +0 quarterstaff
  8839 | D:9      | Identified a +0 hunting sling
  8839 | D:9      | Identified a +3 leather armour
  8839 | D:9      | Noticed Joseph
  8864 | D:9      | HP: 17/79 [Joseph/sling bullet (8)]
  8864 | D:9      | Identified a +0 shortbow
  9201 | D:8      | Lost mutation: Your mind is acute. (Int +2) [potion of
                  | mutation]
  9201 | D:8      | Lost mutation: You are weak. (Str -2) [potion of mutation]
  9201 | D:8      | Gained mutation: Your spells are a little harder to cast,
                  | but a little more powerful. [potion of mutation]
  9201 | D:8      | Gained mutation: You have supernaturally acute eyesight.
                  | (SInv) [potion of mutation]
  9244 | D:9      | Noticed a death yak
  9245 | D:9      | Found a staircase to the Lair.
  9246 | D:9      | Noticed a death yak
  9246 | D:9      | Noticed a death yak
  9246 | D:9      | Noticed a death yak
  9278 | D:9      | HP: 17/79 [death yak (24)]
  9279 | D:9      | Killed a death yak
  9279 | D:9      | Reached skill level 3 in Armour
  9325 | D:9      | Reached skill level 7 in Bows
  9418 | D:9      | Killed Joseph
  9418 | D:9      | Reached skill level 5 in Evocations
  9494 | D:9      | Identified a +0 mace
  9494 | D:9      | Identified a +0 leather armour
  9499 | D:9      | Identified a +0 trident
  9501 | D:9      | Identified a +0 flail
  9501 | D:9      | Identified a +0 chain mail
  9531 | D:9      | Noticed a death yak
  9533 | D:9      | Identified a potion of agility
  9568 | D:9      | Killed a death yak
  9568 | D:9      | Reached skill level 8 in Fighting
  9568 | D:9      | Reached skill level 9 in Dodging
  9576 | D:9      | Killed a death yak
  9576 | D:9      | Reached skill level 4 in Armour
  9585 | D:9      | Killed a death yak
  9585 | D:9      | Reached skill level 8 in Bows
  9585 | D:9      | Reached skill level 10 in Dodging
  9585 | D:9      | Reached XP level 11. HP: 69/70 MP: 15/15
  9591 | D:9      | Killed a death yak
  9760 | D:9      | Identified a +0 giant club
 10073 | D:10     | Entered Level 10 of the Dungeon
 10081 | D:10     | Reached skill level 11 in Dodging
 10115 | D:10     | Reached skill level 9 in Bows
 10198 | D:10     | Identified an amulet of the acrobat (You found it on level
                  | 10 of the Dungeon)
 10205 | D:10     | Identified a +0 giant spiked club
 10225 | D:10     | Identified a +0 giant club
 10325 | D:10     | Identified a +0 trident
 10325 | D:10     | Identified a +0 dagger
 10325 | D:10     | Identified a +0 robe
 10327 | D:10     | Identified a +0 giant club
 10327 | D:10     | Identified a +0 giant spiked club
 10327 | D:10     | Noticed a two-headed ogre
 10358 | D:10     | Reached **** piety under Dithmenos
 10364 | D:10     | Killed a two-headed ogre
 10380 | D:10     | Identified a +0 whip
 10460 | D:10     | Identified a +0 shortbow
 10465 | D:10     | Reached skill level 12 in Dodging
 10671 | D:10     | Reached skill level 10 in Bows
 11091 | D:11     | Identified a +0 giant club
 11123 | D:11     | Found Leyl's General Store.
 11155 | D:11     | Bought a potion of might for 44 gold pieces
 11155 | D:11     | Bought a scroll of remove curse for 33 gold pieces
 11155 | D:11     | Bought a potion of haste for 110 gold pieces
 11155 | D:11     | Bought a wand of iceblast (4) for 88 gold pieces
 11155 | D:11     | Bought a scroll of identify for 22 gold pieces
 11155 | D:11     | Bought a scroll of identify for 22 gold pieces
 11155 | D:11     | Bought a potion of agility for 44 gold pieces
 11163 | D:11     | Identified a +2 falchion of pain
 11163 | D:11     | Identified a +0 dagger
 11163 | D:11     | Identified a +0 robe
 11163 | D:11     | Identified a +0 leather armour
 11173 | D:11     | Reached XP level 12. HP: 76/76 MP: 16/16
 11182 | D:11     | Reached skill level 11 in Bows
 11208 | D:11     | Identified a ring of attention (You found it on level 10 of
                  | the Dungeon)
 11209 | D:11     | Identified a potion of brilliance
 11210 | D:11     | Identified 2 potions of cancellation
 11229 | D:11     | Identified a +0 dagger
 11232 | D:11     | Identified a +0 short sword
 11232 | D:11     | Identified a +0 whip
 11235 | D:11     | Identified a +0 dagger
 11236 | D:11     | Identified a +0 short sword
 11238 | D:11     | Identified a +0 dagger
 11250 | D:11     | Reached ***** piety under Dithmenos
 11606 | D:11     | Identified an uncursed ring of flight
 11853 | D:11     | Identified a +2 scale mail of cold resistance (You found it
                  | on level 11 of the Dungeon)
 12025 | D:12     | Reached skill level 12 in Bows
 12086 | D:12     | Found a staircase to the Orcish Mines.
 12114 | D:12     | Identified a +0 falchion
 12114 | D:12     | Identified a +0 ring mail
 12116 | D:12     | Identified a +0 glaive
 12116 | D:12     | Identified a +0 plate armour
 12309 | D:12     | Identified a cursed +0 shortbow
 12360 | D:12     | HP: 22/91 [steam dragon/ball of steam (12)]
 12473 | D:12     | Identified a +0 glaive
 12473 | D:12     | Identified a +0 leather armour
 12473 | D:12     | Noticed a tengu warrior
 12512 | D:12     | Killed a tengu warrior
 12756 | D:12     | Reached skill level 13 in Bows
 13118 | D:12     | Identified a +0 dagger of freezing
 13118 | D:12     | Identified a +0 robe
 13215 | Orc:1    | Entered Level 1 of the Orcish Mines
 13215 | Orc:1    | Identified a +0 giant club
 13247 | Orc:1    | Identified a +0 dagger
 13247 | Orc:1    | Identified a +0 robe
 13263 | Orc:1    | Identified a cursed +0 flail
 13265 | Orc:1    | Identified a +1 leather armour of cold resistance
 13271 | Orc:1    | Identified a +0 scimitar
 13271 | Orc:1    | Identified a +0 chain mail
 13272 | Orc:1    | Identified a +0 club
 13272 | Orc:1    | Identified a +0 leather armour
 13315 | Orc:1    | Identified a +0 giant club
 13353 | Orc:1    | Identified a +0 scimitar of electrocution
 13359 | Orc:1    | Identified a cursed -3 dire flail
 13359 | Orc:1    | Identified a +3 chain mail of cold resistance
 13368 | Orc:1    | Identified a +0 dagger
 13368 | Orc:1    | Identified a +1 robe of cold resistance
 13371 | Orc:1    | Identified a +0 giant club
 13380 | Orc:1    | Identified a +0 trident
 13383 | Orc:1    | Identified a +0 trident
 13419 | Orc:1    | Identified a +0 long sword
 13419 | Orc:1    | Identified a +0 chain mail
 13438 | Orc:1    | Identified a +0 flail
 13438 | Orc:1    | Identified a +0 plate armour
 13438 | Orc:1    | Identified a +0 dagger
 13438 | Orc:1    | Identified a +0 robe
 13438 | Orc:1    | Identified a +3 dire flail
 13438 | Orc:1    | Identified a +4 plate armour of poison resistance
 13438 | Orc:1    | Noticed an orc warlord
 13519 | Orc:1    | Identified a +0 dire flail
 13519 | Orc:1    | Identified a +0 plate armour
 13546 | Orc:1    | Reached ****** piety under Dithmenos
 13635 | Orc:1    | Identified a +0 long sword
 13635 | Orc:1    | Identified a +0 leather armour
 13636 | Orc:1    | Identified a +0 scimitar
 13636 | Orc:1    | Identified a +0 buckler
 13636 | Orc:1    | Noticed a deep elf knight
 13647 | Orc:1    | Killed a deep elf knight
 13649 | Orc:1    | Reached skill level 14 in Bows
 13780 | Orc:1    | Identified a +0 short sword
 13780 | Orc:1    | Identified a +0 chain mail
 13780 | Orc:1    | Noticed an orc high priest
 13827 | D:12     | Killed an orc high priest
 13827 | D:12     | Reached skill level 1 in Spellcasting
 13850 | D:12     | HP: 3/91 [orc warlord/+3 dire flail (29)]
 14091 | D:12     | Killed an orc warlord
 14091 | D:12     | Reached skill level 2 in Spellcasting
 14222 | Orc:1    | Reached skill level 9 in Long Blades
 14222 | Orc:1    | Reached XP level 13. HP: 70/80 MP: 17/17
 14428 | Orc:2    | Entered Level 2 of the Orcish Mines
 14438 | Orc:2    | Identified a +0 dagger
 14438 | Orc:2    | Identified a +0 robe
 14438 | Orc:2    | Identified a +0 war axe
 14438 | Orc:2    | Identified a +0 dagger
 14438 | Orc:2    | Identified a +0 chain mail
 14439 | Orc:2    | Identified a +5 trident of piercing
 14439 | Orc:2    | Identified a +0 plate armour
 14439 | Orc:2    | Identified a +0 flail
 14439 | Orc:2    | Identified a +0 leather armour
 14441 | Orc:2    | Identified a +0 morningstar
 14441 | Orc:2    | Identified a +0 leather armour
 14442 | Orc:2    | Identified a +0 hand axe
 14443 | Orc:2    | Identified a +0 dagger
 14443 | Orc:2    | Identified a +0 robe
 14444 | Orc:2    | Identified a +0 giant spiked club
 14444 | Orc:2    | Identified a +0 dagger
 14444 | Orc:2    | Identified a +0 robe
 14446 | Orc:2    | Identified a +0 hand axe
 14446 | Orc:2    | Identified a +0 leather armour
 14446 | Orc:2    | Identified a +0 dagger
 14447 | Orc:2    | Identified a +0 glaive
 14447 | Orc:2    | Identified a +0 chain mail
 14457 | Orc:2    | Identified a +0 leather armour
 14469 | Orc:2    | Identified a +0 flail
 14469 | Orc:2    | Identified a +0 leather armour
 14478 | Orc:2    | Identified a +0 hand axe
 14478 | Orc:2    | Identified a +0 battleaxe
 14478 | Orc:2    | Identified a +0 plate armour
 14487 | Orc:2    | Identified a +0 hand axe
 14487 | Orc:2    | Identified a +0 leather armour
 14488 | Orc:2    | Identified a +0 short sword
 14488 | Orc:2    | Identified a +0 cloak
 14488 | Orc:2    | Noticed Maurice
 14493 | Orc:2    | Identified a +0 ring mail
 14498 | Orc:2    | Identified a +0 glaive
 14498 | Orc:2    | Identified a +0 plate armour
 14516 | Orc:2    | Identified a +0 battleaxe
 14516 | Orc:2    | Identified a +0 chain mail
 14526 | Orc:2    | Killed Maurice
 14543 | Orc:2    | Identified a +0 mace
 14543 | Orc:2    | Identified a +0 plate armour
 14549 | Orc:2    | Identified a +0 hand axe
 14551 | Orc:2    | Identified a +0 flail
 14552 | Orc:2    | Identified a cursed +0 leather armour
 14562 | Orc:2    | Identified a +0 hand axe
 14562 | Orc:2    | Identified a +0 ring mail
 14588 | Orc:2    | Identified a +0 glaive
 14588 | Orc:2    | Identified a +0 plate armour
 14596 | Orc:2    | Identified a +0 hand axe
 14596 | Orc:2    | Identified a cursed -1 ring mail
 14600 | Orc:2    | Reached skill level 10 in Long Blades
 14601 | Orc:2    | Identified a +0 dagger
 14612 | Orc:2    | Identified a +0 dagger
 14613 | Orc:2    | Identified a +0 whip
 14629 | Orc:2    | Identified a +0 long sword
 14629 | Orc:2    | Identified a +0 chain mail
 14649 | Orc:2    | Identified a +1 dire flail
 14649 | Orc:2    | Identified a +0 plate armour
 14897 | Orc:2    | Identified a +0 giant club
 14905 | Orc:2    | Identified a +0 whip
 14912 | Orc:2    | Identified a +0 short sword
 14912 | Orc:2    | Identified a +0 leather armour
 14923 | Orc:2    | Identified a +0 trident
 14923 | Orc:2    | Identified a +0 chain mail
 14927 | Orc:2    | Identified a cursed -1 club
 14927 | Orc:2    | Identified a +0 leather armour
 14938 | Orc:2    | Identified a +0 short sword
 14964 | Orc:2    | Identified a +0 short sword
 14964 | Orc:2    | Identified a +0 flail
 14964 | Orc:2    | Identified a +0 ring mail
 15001 | Orc:2    | Found Gurhuets's Distillery.
 15119 | Orc:2    | Identified a +0 dagger
 15119 | Orc:2    | Identified a +0 robe
 15120 | Orc:2    | Identified a cursed -2 dagger
 15120 | Orc:2    | Identified a +0 scale mail
 15124 | Orc:2    | Identified a +0 halberd
 15124 | Orc:2    | Identified a +0 chain mail
 15129 | Orc:2    | Identified a +3 dagger
 15129 | Orc:2    | Identified a +0 robe
 15131 | Orc:2    | Identified a +3 battleaxe
 15131 | Orc:2    | Identified a +0 plate armour
 15137 | Orc:2    | Identified a +0 battleaxe
 15137 | Orc:2    | Identified a +0 plate armour
 15181 | Orc:2    | Identified a +0 flail
 15181 | Orc:2    | Identified a +0 ring mail
 15186 | Orc:2    | Identified a +0 trident
 15186 | Orc:2    | Identified a cursed +0 chain mail
 15196 | Orc:2    | Identified a +1 hand axe of chopping
 15201 | Orc:2    | Identified a +0 dagger
 15204 | Orc:2    | Identified a +0 mace
 15210 | Orc:2    | Identified a +0 scimitar
 15210 | Orc:2    | Identified a +0 chain mail
 15216 | Orc:2    | Identified a +0 club
 15222 | Orc:2    | Identified a +0 chain mail
 15222 | Orc:2    | Identified a +0 mace
 15226 | Orc:2    | Identified a +0 battleaxe
 15226 | Orc:2    | Identified a +0 chain mail
 15230 | Orc:2    | Identified a +0 war axe
 15230 | Orc:2    | Identified a +0 chain mail
 15233 | Orc:2    | Identified a +0 club
 15233 | Orc:2    | Identified a +0 leather armour
 15234 | Orc:2    | Identified a +0 hand axe
 15234 | Orc:2    | Identified a +0 chain mail
 15234 | Orc:2    | Identified a +0 mace
 15234 | Orc:2    | Identified a +0 chain mail
 15234 | Orc:2    | Identified a +0 broad axe
 15234 | Orc:2    | Identified a +0 chain mail
 15278 | Orc:2    | Identified a +0 glaive
 15278 | Orc:2    | Identified a +0 plate armour
 15280 | Orc:2    | Identified a +0 hand axe
 15280 | Orc:2    | Identified a +0 leather armour
 15280 | Orc:2    | Identified a cursed -3 dire flail
 15280 | Orc:2    | Identified a cursed +0 chain mail
 15282 | Orc:2    | Identified a +1 dire flail
 15282 | Orc:2    | Identified a +3 plate armour
 15282 | Orc:2    | Identified a +0 flail
 15283 | Orc:2    | Identified a +0 short sword
 15283 | Orc:2    | Identified a cursed -1 plate armour
 15285 | Orc:2    | Identified a +0 battleaxe
 15285 | Orc:2    | Identified a +0 chain mail
 15315 | Orc:2    | Identified a +0 whip
 15371 | Orc:2    | Reached skill level 11 in Long Blades
 15399 | Orc:2    | Identified a +0 mace
 15411 | Orc:2    | Identified a cursed -2 giant spiked club
 15418 | Orc:2    | Identified a +0 scimitar
 15418 | Orc:2    | Identified a +0 plate armour
 15422 | Orc:2    | Found a roughly hewn altar of Beogh.
 15427 | Orc:2    | Identified a +0 dagger
 15427 | Orc:2    | Identified a +0 robe
 15427 | Orc:2    | Identified a +0 leather armour
 15427 | Orc:2    | Identified a cursed -1 hand axe
 15427 | Orc:2    | Identified a +0 dagger
 15427 | Orc:2    | Identified a +0 ring mail
 15427 | Orc:2    | Identified a +0 mace
 15427 | Orc:2    | Identified a +0 leather armour
 15427 | Orc:2    | Identified a +0 mace
 15427 | Orc:2    | Identified a +0 dagger
 15427 | Orc:2    | Identified a +0 war axe
 15427 | Orc:2    | Identified a +0 plate armour
 15427 | Orc:2    | Identified a +0 giant club
 15563 | Orc:2    | Identified a cursed -3 scimitar
 15563 | Orc:2    | Identified a +0 chain mail
 15576 | Orc:2    | HP: 23/95 [orc warrior/cursed -3 scimitar (27)]
 15616 | Orc:1    | Identified a +2 dagger of flaming
 15616 | Orc:1    | Identified a +0 robe
 15616 | Orc:1    | Noticed Nergalle
 15616 | Orc:1    | Identified a +0 halberd
 15616 | Orc:1    | Identified a +0 plate armour
 15616 | Orc:1    | Identified a +0 war axe
 15616 | Orc:1    | Identified a +0 hand axe
 15616 | Orc:1    | Identified a +0 leather armour
 15616 | Orc:1    | Identified a +0 dagger
 15616 | Orc:1    | Identified a +0 robe
 15618 | Orc:1    | Identified a +0 flail
 15618 | Orc:1    | Identified a +0 war axe
 15618 | Orc:1    | Identified a +0 plate armour
 15618 | Orc:1    | Identified a +0 mace
 15618 | Orc:1    | Identified a +0 scale mail
 15855 | Orc:2    | Identified a +0 club
 15976 | Orc:2    | Identified a +0 hand axe
 15976 | Orc:2    | Identified a +0 long sword
 15976 | Orc:2    | Identified a +0 chain mail
 15978 | Orc:2    | Identified a +0 battleaxe
 15978 | Orc:2    | Identified a +0 chain mail
 15980 | Orc:2    | Identified a +0 scimitar
 15980 | Orc:2    | Identified a +0 chain mail
 15980 | Orc:2    | Identified a +0 dagger
 15982 | Orc:2    | Identified a +0 hand axe
 15982 | Orc:2    | Identified a +0 chain mail
 15985 | Orc:2    | Identified a +0 flail
 15985 | Orc:2    | Identified a +0 plate armour
 15986 | Orc:2    | Identified a +0 hand axe
 15986 | Orc:2    | Identified a +0 plate armour
 15992 | Orc:2    | Identified a +0 battleaxe
 15992 | Orc:2    | Identified a +0 chain mail
 15993 | Orc:2    | Identified a +0 war axe
 15993 | Orc:2    | Identified a +0 chain mail
 15997 | Orc:2    | Identified a +0 mace of crushing
 15997 | Orc:2    | Identified a cursed +0 plate armour
 15999 | Orc:2    | Identified a +0 short sword
 15999 | Orc:2    | Identified a +0 plate armour
 16036 | Orc:2    | Reached skill level 12 in Long Blades
 16094 | Orc:2    | Found Hiusmel's Weapon Boutique.
 16094 | Orc:2    | Found Ekluyfiff's Armour Emporium.
 16104 | Orc:2    | Bought a +0 pair of gloves of strength for 161 gold pieces
 16174 | Orc:2    | Found Wekkiatz's Jewellery Boutique.
 16174 | Orc:2    | Found Pubrauth's Jewellery Emporium.
 16270 | Orc:2    | Found a staircase to the Elven Halls.
 16535 | D:4      | Killed Blork the orc
 16595 | D:4      | Killed Menkaure
 16600 | D:4      | Found a runed translucent door.
 16610 | D:4      | Noticed Steadysplat's ghost (amateur MfFi)
 16693 | D:6      | Killed Sigmund
 16740 | D:6      | Found a burning altar of Makhleb.
 16740 | D:6      | Noticed Grinder
 16744 | D:6      | Killed Grinder
 16908 | D:13     | Identified a +0 longbow
 16908 | D:13     | Identified a +0 shortbow
 16911 | D:13     | Identified a +0 shortbow
 17291 | D:13     | Identified a +0 giant club
 17296 | D:13     | Identified an uncursed ring of resist corrosion
 17432 | D:13     | Identified a +0 leather armour
 17432 | D:13     | Identified an uncursed ring of ice
 17469 | D:13     | Reached skill level 13 in Long Blades
 18017 | D:13     | Identified a potion of resistance
 18034 | D:14     | Found a gate to the Vaults.
 18034 | D:14     | Identified a cursed -3 war axe
 18034 | D:14     | Identified a +0 plate armour
 18034 | D:14     | Identified a +3 longbow of flaming
 18034 | D:14     | Identified a +0 centaur barding
 18034 | D:14     | Noticed Nessos
 18034 | D:14     | Identified a +0 giant club
 18034 | D:14     | Identified a +0 giant club
 18068 | D:14     | Identified a +1 lajatang of electrocution
 18068 | D:14     | Identified a +0 robe
 18068 | D:14     | Noticed Agnes
 18069 | D:14     | Identified a +3 shortbow
 18315 | D:13     | Killed Nessos
 18315 | D:13     | Reached skill level 14 in Long Blades
 18336 | D:14     | Reached XP level 14. HP: 86/86 MP: 18/18
 18396 | D:14     | Identified a +3 dagger
 18396 | D:14     | Identified a +0 ring mail
 18402 | D:14     | Identified a +0 short sword
 18402 | D:14     | Identified a +0 leather armour
 18413 | D:13     | HP: 14/101 [white ugly thing (35)]
 18440 | D:13     | HP: 3/101 [Agnes/+1 lajatang of electrocution (16)]
 18451 | D:13     | Killed Agnes
 18645 | D:13     | HP: 9/101 [white ugly thing (26)]
 18646 | D:13     | Reached skill level 15 in Bows
 18791 | D:13     | HP: 32/151 [white ugly thing (29)]
 18795 | D:13     | HP: 8/151 [white ugly thing (12)]
 18796 | D:13     | Annihilated by a white ugly thing

Table legend:
 A = Turns spent in this place as a percentage of turns spent in the entire game.
 B = Non-inter-level travel turns spent in this place as a percentage of non-inter-level travel turns spent in the entire game.
 C = Inter-level travel turns spent in this place as a percentage of turns spent in this place.
 D = Turns resting spent in this place as a percentage of non-inter-level travel turns spent in this place.
 E = Turns spent auto-exploring this place as a percentage of non-inter-level travel turns spent in this place.
 F = Non-inter-level travel turns spent in this place divided by the number of levels of this place that you've seen.
                   A       B       C       D       E      F
               +-------+-------+-------+-------+-------+----------------------
         Total | 100.0 | 100.0 |   6.5 |   6.2 |  68.8 | 1033.3
       Dungeon |  85.5 |  84.7 |   7.4 |   6.2 |  71.2 | 1063.0
        Temple |   0.1 |   0.1 |   5.3 |   0.0 |   5.6 |  18.0
  Orcish Mines |  14.4 |  15.2 |   1.8 |   6.1 |  56.0 | 1333.0
               +-------+-------+-------+-------+-------+----------------------

Table legend:
 A = Kills in this place as a percentage of kills in entire the game.
 B = Kills by you in this place as a percentage of kills by you in the entire game.
 C = Kills by friends in this place as a percentage of kills by friends in the entire game.
 D = Other kills in this place as a percentage of other kills in the entire game.
 E = Experience gained in this place as a percentage of experience gained in the entire game.
 F = Experience gained in this place divided by the number of levels of this place that you have seen.
                   A       B       C       D       E      F
               +-------+-------+-------+-------+-------+----------------------
         Total | 100.0 | 100.0 |   N/A |   N/A | 100.0 | 3694.2
       Dungeon |  76.1 |  76.1 |   N/A |   N/A |  77.2 | 3462.5
  Orcish Mines |  23.9 |  23.9 |   N/A |   N/A |  22.8 | 7163.0
               +-------+-------+-------+-------+-------+----------------------

Skill      XL: |  1  2  3  4  5  6  7  8  9 10 11 12 13 14 |
---------------+-------------------------------------------+-----
Long Blades    | 4 5 7 8 9 14 | 14.0
Dodging        | 5 7 10 12 | 12.0
Fighting       | 4 5 7 8 |  8.2
Bows           | 3 5 6 8 10 14 15 | 15.2
Evocations     | 2 4 5 |  5.0
Armour         | 2 4 |  4.3
Spellcasting   | 2 |  2.4
Stealth        | |  2.0

Action                   |  1- 3 |  4- 6 |  7- 9 | 10-12 | 13-15 || total
-------------------------+-------+-------+-------+-------+-------++-------
Melee: Falchion          |    32 |       |       |       |       ||    32
       Kick              |    20 |    81 |   133 |   297 |   207 ||   738
       Peck              |    12 |    54 |    84 |   185 |   133 ||   468
       Dagger            |    37 |   176 |   346 |   537 |       ||  1096
       Unarmed           |       |       |    25 |       |    10 ||    35
       Scimitar          |       |       |       |    41 |   375 ||   416
 Fire: Shortbow          |       |       |    59 |   456 |   223 ||   738
       Longbow           |       |       |       |       |    69 ||    69
Throw: Stone             |     3 |    12 |       |       |       ||    15
       Throwing net      |       |       |       |     2 |     4 ||     6
 Abil: Fly               |       |     1 |       |       |       ||     1
Evoke: Wand              |       |       |     1 |     6 |       ||     7
  Use: Scroll            |     6 |     5 |     2 |     7 |     4 ||    24
       Potion            |       |     1 |     9 |     6 |     7 ||    23
 Stab: Sleeping          |     7 |     2 |       |     1 |     1 ||    11
       Distracted        |       |       |       |       |     1 ||     1
  Eat: Chunk             |     3 |     6 |    12 |    15 |     7 ||    43
       Ration            |       |       |     1 |     1 |     2 ||     4
Armor: Ring mail         |     9 |    18 |    65 |     5 |       ||    97
       Robe              |     2 |       |       |       |       ||     2
       Skin              |       |       |     3 |       |    77 ||    80
       Leather armour    |       |       |       |    32 |    39 ||    71
       Scale mail        |       |       |       |    48 |    15 ||    63
Dodge: Dodged            |    44 |    43 |   278 |   554 |   557 ||  1476
       Rpst.: Falchion   |     5 |       |       |       |       ||     5
       Scimitar          |       |       |       |     7 |   125 ||   132

Vanquished Creatures
  Agnes (D:13)
  An orc warlord (D:12)
  Nessos (D:13)
  A hydra (D:13)
  A centaur warrior (D:13)
  2 two-headed ogres
  5 death yaks (D:9)
  A tengu warrior (D:12)
  An orc high priest (D:12)
  A deep elf knight (Orc:1)
  An unseen horror (D:12)
  7 orc knights
  3 deep elf magi
  7 ugly things
  4 cyclopes
  A centaur zombie (D:10)
  2 orc sorcerers (Orc:1)
  Joseph (D:9)
  Maurice (Orc:2)
  4 centaur skeletons
  A kobold demonologist (D:12)
  2 trolls
  A tengu conjurer (D:14)
  A merfolk (D:10)
  2 hornets
  4 slime creatures (D:13)
  Grinder (D:6)
  3 hippogriffs
  A meliai zombie (D:12)
  Sigmund (D:6)
  A shadow (D:14)
  A spriggan (D:10)
  2 water elementals
  A wraith (D:12)
  13 humans
  16 yaks
  Eustachio (D:4)
  4 hungry ghosts
  Menkaure (D:4)
  4 vampire mosquitoes (D:13)
  A steam dragon (D:12)
  5 wargs (Orc:2)
  An acid dragon (D:11)
  Duvessa (D:6)
  5 eyes of draining
  A hornet zombie (D:14)
  41 orc warriors
  2 ice beasts
  3 phantoms
  4 sky beasts
  17 ogres
  6 centaurs
  2 crocodiles
  A big kobold (D:11)
  Blork the orc (D:4)
  4 bullfrogs
  A wyvern zombie (D:8)
  Dowan (D:6)
  A water moccasin zombie (D:12)
  3 wyvern skeletons
  3 scorpions
  A troll zombie (D:12)
  14 killer bees
  9 howler monkeys
  2 electric eels
  7 crimson imps
  A bullfrog zombie (D:11)
  4 jellies
  2 quasits
  9 orc priests
  7 hounds
  7 bullfrog skeletons
  2 iguanas
  13 orc wizards
  10 worker ants
  7 ogre zombies (D:12)
  3 hound zombies
  2 hound skeletons
  2 worker ant zombies
  2 gnolls (D:5)
  8 adders
  3 shadow imps
  An adder zombie (D:5)
  2 adder skeletons (D:5)
  A worm (D:2)
  2 dart slugs
  3 leopard geckos
  84 orcs
  7 bats
  2 giant cockroaches
  9 goblins
  6 hobgoblins
  5 jackals
  2 quokkas
  A ball python (D:4)
  10 frilled lizards
  5 goblin zombies (D:12)
  A hobgoblin skeleton (D:12)
  A hobgoblin zombie (D:12)
  A jackal skeleton (D:4)
  A jackal zombie (D:8)
  18 kobolds
  A leopard gecko skeleton (D:8)
  2 orc skeletons (D:12)
  16 orc zombies (D:12)
  7 rats
  A bush (D:2)
  3 fungi (D:11)
518 creatures vanquished.

Vanquished Creatures (others)
  A plant (D:2)
1 creature vanquished.

Grand Total: 519 creatures vanquished
